 Dungeon Sprint DCSS version 0.17-a0-1468-gbf503c2 (webtiles) character file.

73088 hexophile the Slayer (level 15, -20/178 HPs)
             Began as a Naga Fighter on July 1, 2015.
             Was a High Priest of Cheibriados.
             Demolished by hexophile's illusion (22 damage)
             ... woven by Mara
             ... in the Dungeon (Sprint IX: "|||||||||||||||||||||||||||||").
             The game lasted 00:19:06 (6393 turns).

hexophile the Slayer (Naga Fighter)                 Turns: 6393, Time: 00:19:06

Health: -20/178    AC: 28    Str: 33    XL:     15   Next: 42%
Magic:  5/31       EV: 12    Int: 17    God:    Cheibriados [*****.]
Gold:   151        SH: 22    Dex: 23    Spells: 2 memorised, 32 levels left

rFire  + . .     SeeInvis +     c - +0 trident (freeze)
rCold  + . .     Clarity  .     I - +4 plate armour {rPois}
rNeg   . . .     SustAt   .     H - +1 large shield
rPois  +         Gourm    .     G - +2 helmet
rElec  .         Spirit   .     y - +1 cloak
rCorr  .         Warding  .     n - +2 pair of gloves
rMut   .         NoTele   +     (no barding)
MR     ++...                    (no amulet)
Stlth  ..........               D - ring of protection from fire
                                E - ring of protection from magic

@: very slow, very resistant to hostile enchantments, extremely unstealthy
A: see invisible, cold resistance 1, deformed body, dopey 1, poison resistance,
slowness 2, slow metabolism 1, spit poison 2, weak 1, constrict 1, AC +5
a: Spit Poison, Bend Time, Temporal Distortion, Slouch, Step From Time, Renounce
Religion


You were in the Dungeon.
You worshipped Cheibriados.
Cheibriados was extremely pleased with you.
You were not hungry.

You visited 1 branch You collected 1955 gold pieces.
You spent 1804 gold pieces at shops.

Inventory:

Hand weapons
 a - a +0 trident
 c - a +0 trident of freezing (weapon)
 o - a +2 halberd of protection
Armour
 n - a +2 pair of gloves (worn)
 p - a +0 helmet
 y - a +1 cloak (worn)
 G - a +2 helmet (worn)
 H - a +1 large shield (worn)
 I - a +4 plate armour of poison resistance (worn)
 J - a +1 fire dragon armour
Jewellery
 q - a +2 ring of evasion
 r - a +3 ring of strength
 D - a ring of protection from fire (right hand)
 E - a ring of protection from magic (left hand)
Magical devices
 m - a wand of fire (1)
Scrolls
 h - 3 scrolls of remove curse
 k - a scroll of blinking
 l - 2 scrolls of amnesia
 w - 3 scrolls of identify
 x - 6 scrolls of enchant weapon
Potions
 d - a potion of invisibility
 f - 8 potions of curing
 i - 3 potions of magic
 t - 3 potions of might
 u - 2 potions of agility
Books
 B - a book of Annihilations

   Spells                             Type                      Level
   a - Poison Arrow                   Conjuration/Poison           6
   b - Chain Lightning                Conjuration/Air              8
   c - Lehudib's Crystal Spear        Conjuration/Earth            8
   d - Glaciate                       Conjuration/Ice              9
   e - Fire Storm                     Conjuration/Fire             9
 C - a book of Flames

   Spells                             Type                      Level
   a - Flame Tongue                   Conjuration/Fire             1
   b - Throw Flame                    Conjuration/Fire             2
   c - Conjure Flame                  Conjuration/Fire             3
   d - Inner Flame                    Hexes/Fire                   3
   e - Sticky Flame                   Conjuration/Fire             4
   f - Fireball                       Conjuration/Fire             5
Comestibles
 e - 13 bread rations
 z - 40 fruits
 A - 9 meat rations


   Skills:
 * Level 23.2 Fighting
 * Level 23.2 Polearms
 + Level 10.2 Armour
 + Level 9.8 Dodging
 + Level 10.2 Shields
 - Level 12.9 Spellcasting
 - Level 11.3 Invocations


You had 32 spell levels left.
You knew the following spells:

 Your Spells              Type           Power        Failure   Level  Hunger
a - Conjure Flame         Conj/Fire      ##......     100%        3    None
b - Sticky Flame          Conj/Fire      ##......     100%        4    ##.....


Dungeon Overview and Level Annotations

Branches:
Dungeon (1/1)

Altars:
Cheibriados
Dithmenos
Elyvilon
Fedhas
Gozag
Kikubaaqudgha
Makhleb
Nemelex Xobeh
Okawaru
Qazlal
Ru
Sif Muna
Trog
Vehumet
Xom
Yredelemnul
Zin
The Shining One
Beogh
Jiyva
Lugonu

Shops:
D !!}:

Annotations:
D Cerebov, Mara


Innate Abilities, Weirdness & Mutations

You cannot wear boots.
Your serpentine skin is tough (AC +5).
You have supernaturally acute eyesight.
Armour fits poorly on your strangely shaped body.
Your system is resistant to poisons.
You cover ground very slowly.
You have a slow metabolism.
You can spit poison.
You can use your snake-like lower body to constrict enemies.
Your flesh is cold resistant.
You are dopey. (Int -2)
You are weak. (Str -2)


Message History

Mara is almost dead.
You constrict Mara! Mara hits you but does no damage.
You are electrocuted!
* * * LOW HITPOINT WARNING * * *
You hit Mara but do no damage.
Mara is almost dead.
You constrict Mara.
You block hexophile's illusion's attack.
Unknown command.
You puncture Mara! You freeze Mara.
You kill Mara!
Mara gestures.
Mara blinks!
You miss hexophile's illusion.
Hexophile's illusion is heavily wounded.
Hexophile's illusion hits you but does no damage.
Unknown command.
You hit hexophile's illusion but do no damage.
Hexophile's illusion is heavily wounded.
Hexophile's illusion hits you!!
You die...

.................................
▓▓▓▓▓▓▓▓▓▓▓▓▓▓▓▓▓▓▓▓▓♣♣♣♣♣♣♣♣♣♣▓▓
))))......('..)[)))..'.........'.
▓▓▓▓▓▓▓▓▓▓▓▓▓▓▓▓▓▓▓▓▓♣♣♣♣♣♣♣♣♣♣▓▓
..................)..))..).......
▓▓▓▓▓▓▓▓▓▓▓▓▓▓▓▓▓▓▓▓▓▓▓▓▓▓▓▓▓▓▓▓▓
...(.)()...())........).))())..()
▓▓▓▓▓▓▓▓▓▓▓▓▓▓▓▓▓▓▓▓▓▓▓▓▓▓▓▓▓▓▓▓▓
.......R@@.R..............
▓▓▓▓▓▓▓▓▓▓▓▓▓▓▓▓▓▓▓▓▓▓▓▓▓▓


You could see 2 Maras and hexophile's illusion.

Vanquished Creatures
  Mennas (D)
  Norris (D)
  Xtahua (D)
  A sphinx (D)
  A tengu reaver (D)
  A thorn hunter (D)
  2 fire giants (D)
  A ghost moth (D)
  An ironheart preserver (D)
  2 stone giants (D)
  An entropy weaver (D)
  An ettin (D)
  3 merfolk impalers (D)
  Josephine (D)
  A hydra (D)
  7 ice dragons (D)
  A naga warrior (D)
  4 ogre magi (D)
  An anaconda (D)
  2 centaur warriors (D)
  A deep troll earth mage (D)
  3 tengu warriors (D)
  An alligator (D)
  A spriggan berserker (D)
  4 hell knights (D)
  Sonja (D)
  8 orc high priests (D)
  4 ironbrand convokers (D)
  2 naga ritualists (D)
  A giant orange brain (D)
  A shambling mangrove (D)
  A wolf spider (D)
  A hornet (D)
  A necromancer (D)
  4 orc knights (D)
  2 griffons (D)
  A guardian serpent (D)
  2 ugly things (D)
  3 black mambas (D)
  A manticore (D)
  A vault sentinel (D)
  A naga mage (D)
  Psyche (D)
  3 spiny frogs (D)
  A tengu conjurer (D)
  A yaktaur (D)
  A queen bee (shapeshifter) (D)
  2 freezing wraiths (D)
  A troll (D)
  2 merfolk (D)
  A jumping spider (D)
  A blink frog (D)
  A wind drake (D)
  2 snapping turtles (D)
  A bog body (D)
  A raiju (shapeshifter) (D)
  2 slime creatures (D)
  4 redbacks (D)
  A trapdoor spider (D)
  A wyvern (D)
  A shadow (D)
  Grum (D)
  4 wraiths (D)
  4 wolves (D)
  A mottled dragon (D)
  2 wargs (D)
  A basilisk (D)
  2 vampire mosquitoes (D)
  5 hell hounds (D)
  2 water moccasins (D)
  An insubstantial wisp (D)
  2 ice beasts (D)
  An ogre (D)
  10 orc warriors (D)
  6 crocodiles (D)
  2 centaurs (D)
  2 giant frogs (D)
  A wight (D)
  A hound (D)
  6 orc priests (D)
  2 orc wizards (D)
  A worker ant (D)
  An iguana (D)
  3 river rats (D)
  12 orcs (D)
  5 bats (D)
  A bat skeleton (D)
  A hobgoblin (D)
  A kobold (D)
  A ball python skeleton (D)
  A giant gecko skeleton (D)
  A giant newt (D)
191 creatures vanquished.

Vanquished Creatures (others)
  Margery (D)
  A plant (D)
2 creatures vanquished.

Grand Total: 193 creatures vanquished

Notes
Turn   | Place    | Note
--------------------------------------------------------------
     0 | D        | hexophile the Naga Fighter began the quest for the Orb.
     0 | D        | Reached XP level 1. HP: 21/21 MP: 1/1
    98 | D        | Noticed a worker ant
    98 | D        | Noticed a hound
    98 | D        | Noticed an ogre
   100 | D        | Reached XP level 2. HP: 24/28 MP: 2/2
   106 | D        | Killed a worker ant
   106 | D        | Reached skill level 4 in Fighting
   106 | D        | Reached skill level 1 in Dodging
   106 | D        | Reached XP level 3. HP: 23/37 MP: 3/3
   111 | D        | Killed a hound
   111 | D        | Reached skill level 5 in Fighting
   111 | D        | Reached XP level 4. HP: 28/46 MP: 4/4
   114 | D        | Killed an ogre
   114 | D        | Reached skill level 6 in Fighting
   114 | D        | Reached skill level 5 in Polearms
   114 | D        | Reached XP level 5. HP: 32/55 MP: 5/5
   122 | D        | Found a glowing silver altar of Zin.
   122 | D        | Found a glowing golden altar of the Shining One.
   122 | D        | Found an ancient bone altar of Kikubaaqudgha.
   122 | D        | Found a basalt altar of Yredelemnul.
   122 | D        | Found a shimmering altar of Xom.
   122 | D        | Found a radiant altar of Vehumet.
   123 | D        | Found an iron altar of Okawaru.
   124 | D        | Found a burning altar of Makhleb.
   125 | D        | Found a deep blue altar of Sif Muna.
   126 | D        | Found a bloodstained altar of Trog.
   127 | D        | Found a sparkling altar of Nemelex Xobeh.
   128 | D        | Found a white marble altar of Elyvilon.
   129 | D        | Found a roughly hewn altar of Beogh.
   130 | D        | Found a viscous altar of Jiyva.
   131 | D        | Found a corrupted altar of Lugonu.
   132 | D        | Found a blossoming altar of Fedhas.
   133 | D        | Found a snail-covered altar of Cheibriados.
   134 | D        | Found a shadowy altar of Dithmenos.
   135 | D        | Found a stormy altar of Qazlal.
   136 | D        | Found an opulent altar of Gozag.
   137 | D        | Found a sacrificial altar of Ru.
   166 | D        | Became a worshipper of Cheibriados the Contemplative
   218 | D        | Noticed an iguana
   218 | D        | Noticed a centaur
   218 | D        | Noticed a centaur
   221 | D        | Acquired Cheibriados's first power
   228 | D        | Killed an iguana
   233 | D        | Killed a centaur
   233 | D        | Reached skill level 7 in Fighting
   233 | D        | Reached XP level 6. HP: 53/66 MP: 6/6
   242 | D        | Killed a centaur
   242 | D        | Acquired Cheibriados's second power
   409 | D        | Noticed a purple ugly thing
   409 | D        | Noticed an orc warrior
   409 | D        | Noticed a troll
   409 | D        | Noticed a griffon
   409 | D        | Noticed a shadow
   411 | D        | Killed an orc warrior
   411 | D        | Reached skill level 8 in Fighting
   411 | D        | Reached skill level 5 in Armour
   411 | D        | Reached skill level 5 in Shields
   423 | D        | Killed a purple ugly thing
   423 | D        | Acquired Cheibriados's third power
   423 | D        | Reached skill level 9 in Fighting
   423 | D        | Reached skill level 5 in Dodging
   423 | D        | Reached XP level 7. HP: 36/76 MP: 7/7
   427 | D        | Killed a troll
   427 | D        | Reached XP level 8. HP: 17/86 MP: 8/8
   429 | D        | Acquired Cheibriados's fourth power
   431 | D        | Killed a griffon
   431 | D        | Reached skill level 10 in Fighting
   431 | D        | Reached skill level 10 in Polearms
   432 | D        | Killed a shadow
   438 | D        | Gained mutation: You are weak. (Str -2) [mutagenic meat]
   439 | D        | Gained mutation: Your flesh is cold resistant. [mutagenic meat]
   440 | D        | Gained mutation: You are dopey. (Int -2) [mutagenic meat]
   853 | D        | Noticed a crocodile
   853 | D        | Noticed a crocodile
   853 | D        | Noticed a crocodile
   853 | D        | Noticed a blink frog
   853 | D        | Noticed a crocodile
   858 | D        | Noticed a water moccasin
   859 | D        | Noticed a seven-headed hydra
   861 | D        | Killed a crocodile
   866 | D        | Noticed a wyvern
   867 | D        | Killed a crocodile
   867 | D        | Reached skill level 1 in Invocations
   867 | D        | Reached XP level 9. HP: 63/94 MP: 9/9
   869 | D        | Killed a crocodile
   869 | D        | Killed a crocodile
   869 | D        | Reached skill level 11 in Fighting
   875 | D        | HP: 3/97 [12-headed hydra (2)]
   878 | D        | Killed a 12-headed hydra
   881 | D        | Killed a water moccasin
   883 | D        | Killed a wyvern
   883 | D        | Reached skill level 5 in Invocations
   892 | D        | Killed a blink frog
  1132 | D        | Noticed a basilisk
  1132 | D        | Noticed a spiny frog
  1132 | D        | Noticed a crocodile
  1132 | D        | Noticed a spiny frog
  1132 | D        | Noticed a spiny frog
  1134 | D        | Noticed a crocodile
  1137 | D        | Killed a basilisk
  1139 | D        | Killed a spiny frog
  1139 | D        | Reached skill level 12 in Fighting
  1139 | D        | Reached XP level 10. HP: 80/106 MP: 8/14
  1142 | D        | Noticed a water moccasin
  1142 | D        | Killed a crocodile
  1145 | D        | Killed a spiny frog
  1149 | D        | Killed a spiny frog
  1150 | D        | Killed a crocodile
  1158 | D        | Killed a water moccasin
  1358 | D        | Noticed a warg
  1358 | D        | Noticed a wolf
  1359 | D        | Noticed a hell hound
  1360 | D        | Killed a wolf
  1361 | D        | Noticed a hell hound
  1361 | D        | Noticed a hell hound
  1362 | D        | Noticed a hell hound
  1363 | D        | Noticed a hell hound
  1364 | D        | Killed a warg
  1364 | D        | Killed a hell hound
  1364 | D        | Killed a hell hound
  1364 | D        | Killed a hell hound
  1364 | D        | Killed a hell hound
  1364 | D        | Killed a hell hound
  1365 | D        | Noticed a warg
  1378 | D        | Killed a warg
  1506 | D        | Noticed an orc priest
  1506 | D        | Noticed an orc knight
  1506 | D        | Noticed an orc wizard
  1508 | D        | Killed an orc priest
  1508 | D        | Killed an orc wizard
  1512 | D        | Killed an orc knight
  1528 | D        | Noticed an orc warrior
  1536 | D        | Killed an orc warrior
  1573 | D        | Noticed an orc warrior
  1573 | D        | Noticed an orc warrior
  1573 | D        | Noticed an orc warrior
  1573 | D        | Noticed an orc warrior
  1573 | D        | Noticed an orc warrior
  1574 | D        | Noticed an orc warrior
  1575 | D        | Noticed an orc warrior
  1575 | D        | Killed an orc warrior
  1575 | D        | Killed an orc warrior
  1575 | D        | Reached skill level 13 in Fighting
  1575 | D        | Killed an orc warrior
  1575 | D        | Killed an orc warrior
  1575 | D        | Killed an orc warrior
  1576 | D        | Killed an orc warrior
  1578 | D        | Killed an orc warrior
  1579 | D        | Noticed an orc wizard
  1580 | D        | Noticed an orc warrior
  1583 | D        | Killed an orc wizard
  1588 | D        | Killed an orc warrior
  1621 | D        | Found Cupiora's Distillery.
  1621 | D        | Noticed an orc priest
  1621 | D        | Noticed an orc high priest
  1621 | D        | Noticed an orc priest
  1621 | D        | Noticed an orc high priest
  1621 | D        | Noticed an orc high priest
  1622 | D        | Noticed an orc high priest
  1623 | D        | Noticed a sixfirhy
  1623 | D        | Killed an orc priest
  1623 | D        | Reached XP level 11. HP: 92/117 MP: 17/17
  1623 | D        | Killed an orc priest
  1623 | D        | Killed a sixfirhy
  1624 | D        | Noticed an orc priest
  1624 | D        | Killed an orc high priest
  1624 | D        | Killed an orc high priest
  1624 | D        | Killed an orc high priest
  1624 | D        | Reached skill level 10 in Invocations
  1624 | D        | Killed an orc priest
  1626 | D        | Noticed an orc high priest
  1627 | D        | Found Apyck's Distillery.
  1629 | D        | Killed an orc high priest
  1631 | D        | Found Tesch's Gadget Emporium.
  1636 | D        | Killed an orc high priest
  1774 | D        | Found Unuruonk's Book Shoppe.
  1776 | D        | Noticed an orc priest
  1777 | D        | Noticed an orc high priest
  1777 | D        | Noticed an orc high priest
  1778 | D        | Noticed an orc high priest
  1780 | D        | Killed an orc priest
  1785 | D        | Killed an orc high priest
  1785 | D        | Reached skill level 14 in Fighting
  1785 | D        | Killed an orc high priest
  1785 | D        | Killed an orc high priest
  1786 | D        | Noticed an orc priest
  1788 | D        | Killed an orc priest
  1804 | D        | Bought a potion of heal wounds for 60 gold pieces
  1816 | D        | Bought a book of Annihilations for 1324 gold pieces
  1816 | D        | Bought a book of Flames for 420 gold pieces
  1824 | D        | Learned a level 3 spell: Conjure Flame
  1829 | D        | Learned a level 4 spell: Sticky Flame
  1966 | D        | Noticed Sonja
  1974 | D        | Killed Sonja
  2327 | D        | Noticed a wraith
  2328 | D        | Noticed a wraith
  2336 | D        | Killed a wraith
  2337 | D        | Killed a wraith
  2338 | D        | Noticed Josephine
  2339 | D        | Noticed a wraith
  2350 | D        | Killed Josephine
  2354 | D        | Killed a wraith
  2354 | D        | Reached skill level 15 in Fighting
  2354 | D        | Reached XP level 12. HP: 62/130 MP: 20/20
  2355 | D        | Noticed a wraith
  2359 | D        | Killed a wraith
  2359 | D        | Reached skill level 15 in Polearms
  2583 | D        | Noticed Psyche
  2587 | D        | Killed Psyche
  2758 | D        | Noticed an ogre mage
  2758 | D        | Noticed an ice beast
  2758 | D        | Noticed a giant frog
  2758 | D        | Noticed a giant frog
  2758 | D        | Noticed an ice beast
  2758 | D        | Noticed a wight
  2759 | D        | Noticed a vampire mosquito
  2762 | D        | Killed an ice beast
  2762 | D        | Killed a giant frog
  2762 | D        | Killed a giant frog
  2762 | D        | Killed an ice beast
  2762 | D        | Killed a wight
  2762 | D        | Killed a vampire mosquito
  2764 | D        | Killed an ogre mage
  2765 | D        | Noticed a tengu warrior
  2766 | D        | Noticed a centaur warrior
  2766 | D        | Noticed an ice dragon
  2767 | D        | Noticed a slime creature
  2774 | D        | Killed a tengu warrior
  2779 | D        | Noticed a tengu warrior
  2782 | D        | Killed a centaur warrior
  2782 | D        | Reached skill level 16 in Fighting
  2785 | D        | Noticed an ogre mage
  2794 | D        | Killed an ice dragon
  2796 | D        | Noticed an ice dragon
  2802 | D        | Killed a slime creature
  2807 | D        | Killed a tengu warrior
  2812 | D        | Killed an ogre mage
  2823 | D        | Killed an ice dragon
  2823 | D        | Reached skill level 17 in Fighting
  3023 | D        | Noticed an ettin
  3031 | D        | Killed an ettin
  3130 | D        | Noticed a naga ritualist
  3130 | D        | Noticed a black mamba
  3130 | D        | Noticed a black mamba
  3130 | D        | Noticed an anaconda
  3130 | D        | Noticed a naga ritualist
  3130 | D        | Noticed a black mamba
  3135 | D        | Noticed a naga warrior
  3142 | D        | Killed an anaconda
  3142 | D        | Killed a black mamba
  3142 | D        | Killed a black mamba
  3142 | D        | Killed a black mamba
  3145 | D        | Noticed a guardian serpent
  3146 | D        | Killed a naga ritualist
  3148 | D        | Noticed a naga mage
  3155 | D        | Killed a naga warrior
  3160 | D        | Killed a naga mage
  3160 | D        | Reached skill level 18 in Fighting
  3160 | D        | Gained mutation: You can use your snake-like lower body to constrict enemies. [Naga growth]
  3160 | D        | Reached XP level 13. HP: 72/146 MP: 18/21
  3163 | D        | Killed a naga ritualist
  3165 | D        | Killed a guardian serpent
  3447 | D        | Noticed a snapping turtle
  3447 | D        | Noticed a manticore
  3447 | D        | Noticed a snapping turtle
  3447 | D        | Noticed a wind drake
  3447 | D        | Noticed a merfolk impaler
  3447 | D        | Noticed a merfolk
  3448 | D        | Noticed a merfolk impaler
  3449 | D        | Noticed a merfolk impaler
  3454 | D        | Killed a snapping turtle
  3459 | D        | Killed a manticore
  3460 | D        | Noticed a merfolk
  3465 | D        | Killed a snapping turtle
  3470 | D        | Killed a wind drake
  3475 | D        | Killed a merfolk impaler
  3479 | D        | Killed a merfolk impaler
  3493 | D        | Killed a merfolk impaler
  3499 | D        | Killed a merfolk
  3504 | D        | Killed a merfolk
  3842 | D        | Noticed a vampire mosquito
  3842 | D        | Noticed an alligator
  3842 | D        | Noticed a bog body
  3842 | D        | Noticed a shambling mangrove
  3842 | D        | Noticed a spriggan druid
  3844 | D        | Killed a vampire mosquito
  3844 | D        | Reached skill level 19 in Fighting
  3846 | D        | Killed an alligator
  3849 | D        | Killed a bog body
  3850 | D        | Noticed a thorn hunter
  3851 | D        | Noticed an alligator
  3852 | D        | Noticed an insubstantial wisp
  3855 | D        | Killed a shambling mangrove
  3868 | D        | Killed a thorn hunter
  3875 | D        | Killed an insubstantial wisp
  4278 | D        | Noticed a hornet
  4278 | D        | Noticed an entropy weaver
  4278 | D        | Noticed a jumping spider
  4278 | D        | Noticed a ghost moth
  4278 | D        | Noticed a wolf spider
  4278 | D        | Noticed a trapdoor spider
  4281 | D        | Killed a hornet
  4282 | D        | Noticed a redback
  4283 | D        | Noticed a redback
  4284 | D        | Killed a trapdoor spider
  4284 | D        | Killed a jumping spider
  4284 | D        | Killed a redback
  4284 | D        | Killed a redback
  4285 | D        | Killed a wolf spider
  4289 | D        | Killed an entropy weaver
  4292 | D        | Killed a ghost moth
  4292 | D        | Reached skill level 20 in Fighting
  4293 | D        | Noticed a redback
  4297 | D        | Killed a redback
  4508 | D        | Noticed a wolf
  4511 | D        | Noticed a wolf
  4511 | D        | Killed a wolf
  4513 | D        | Noticed Grum
  4513 | D        | Killed a wolf
  4515 | D        | Noticed a wolf
  4521 | D        | Killed Grum
  4524 | D        | Killed a wolf
  4552 | D        | Noticed a hell knight
  4553 | D        | Noticed Margery
  4554 | D        | Noticed a hell knight
  4554 | D        | Noticed a hell knight
  4555 | D        | Noticed a necromancer
  4558 | D        | Killed a hell knight
  4558 | D        | Killed a necromancer
  4567 | D        | Killed Margery
  4569 | D        | Killed a hell knight
  4569 | D        | Reached XP level 14. HP: 75/163 MP: 12/22
  4573 | D        | Killed a hell knight
  4573 | D        | Reached skill level 21 in Fighting
  4851 | D        | Noticed a fire giant
  4851 | D        | Noticed an ice dragon
  4851 | D        | Noticed a green ugly thing
  4851 | D        | Noticed a sphinx
  4851 | D        | Noticed a deep troll earth mage
  4851 | D        | Noticed a spriggan berserker
  4856 | D        | Killed a fire giant
  4860 | D        | Noticed a stone giant
  4862 | D        | Killed an ice dragon
  4867 | D        | Killed a green ugly thing
  4869 | D        | Noticed an ice dragon
  4869 | D        | Killed a spriggan berserker
  4871 | D        | Killed a sphinx
  4872 | D        | Noticed an ice dragon
  4873 | D        | Killed a deep troll earth mage
  4875 | D        | Noticed an ice dragon
  4876 | D        | Noticed a hell knight
  4878 | D        | Killed a stone giant
  4882 | D        | Noticed an ice dragon
  4883 | D        | Killed an ice dragon
  4896 | D        | Killed an ice dragon
  4910 | D        | Killed an ice dragon
  4913 | D        | Killed a hell knight
  4918 | D        | Killed an ice dragon
  5266 | D        | Noticed a fire giant
  5267 | D        | Noticed a stone giant
  5267 | D        | Noticed a tengu conjurer
  5269 | D        | Noticed an ogre mage
  5270 | D        | Noticed a tengu warrior
  5270 | D        | Noticed a giant orange brain
  5277 | D        | Killed a fire giant
  5277 | D        | Killed a tengu conjurer
  5285 | D        | Killed a stone giant
  5286 | D        | Killed an ogre mage
  5286 | D        | Reached skill level 10 in Spellcasting
  5292 | D        | Killed a tengu warrior
  5311 | D        | Killed a giant orange brain
  5311 | D        | Reached skill level 22 in Fighting
  5562 | D        | Noticed an ironbrand convoker
  5562 | D        | Noticed a slime creature
  5562 | D        | Noticed a freezing wraith
  5562 | D        | Noticed an ironbrand convoker
  5562 | D        | Noticed an ogre mage
  5562 | D        | Noticed an ironbrand convoker
  5565 | D        | Killed an ironbrand convoker
  5566 | D        | Noticed a redback
  5570 | D        | Killed a slime creature
  5574 | D        | Noticed an ironheart preserver
  5576 | D        | Noticed a griffon
  5577 | D        | Killed a freezing wraith
  5578 | D        | Noticed a mottled dragon
  5579 | D        | Killed an ironbrand convoker
  5579 | D        | Killed an ironbrand convoker
  5579 | D        | Killed a redback
  5581 | D        | Killed an ogre mage
  5582 | D        | Noticed an orc knight
  5583 | D        | Noticed an orc knight
  5586 | D        | Noticed a centaur warrior
  5589 | D        | Killed an ironheart preserver
  5591 | D        | Noticed a freezing wraith
  5596 | D        | Killed a griffon
  5597 | D        | Killed a mottled dragon
  5607 | D        | Killed an orc knight
  5611 | D        | Killed an orc knight
  5615 | D        | Killed a centaur warrior
  5627 | D        | Killed a freezing wraith
  5721 | D        | Noticed an orc knight
  5722 | D        | Noticed a yaktaur
  5726 | D        | Noticed a hornet
  5729 | D        | Noticed a tengu reaver
  5730 | D        | Killed an orc knight
  5731 | D        | a hornet changed into a raiju
  5733 | D        | Noticed an ironbrand convoker
  5735 | D        | Killed a yaktaur
  5736 | D        | Noticed a vault sentinel
  5737 | D        | Noticed a queen bee
  5744 | D        | Noticed Cerebov
  5744 | D        | Killed a tengu reaver
  5744 | D        | Killed an ironbrand convoker
  5744 | D        | Reached XP level 15. HP: 155/177 MP: 26/31
  5744 | D        | Killed a vault sentinel
  5744 | D        | Killed a queen bee
  5747 | D        | Noticed a Hell Sentinel
  6233 | D        | Noticed Norris
  6255 | D        | Killed Norris
  6346 | D        | Noticed Xtahua
  6347 | D        | Noticed Mara
  6348 | D        | Noticed hexophile's illusion
  6361 | D        | Noticed Mennas
  6367 | D        | Killed Xtahua
  6376 | D        | Killed Mennas
  6376 | D        | Reached skill level 23 in Fighting
  6376 | D        | Reached skill level 10 in Armour
  6376 | D        | Reached skill level 10 in Shields
  6385 | D        | HP: 8/178 [Mara (illusionary)/demon blade of electrocution (19)]
  6389 | D        | HP: 1/178 [Mara (illusionary)/demon blade of electrocution (9)]
  6391 | D        | Killed Mara
  6393 | D        | Demolished by hexophile's illusion

Vault maps used:
D:        linesprint

Action                   |  1- 3 |  4- 6 |  7- 9 | 10-12 | 13-15 || total
-------------------------+-------+-------+-------+-------+-------++-------
Melee: Trident           |    37 |     4 |       |       |   294 ||   335
       Halberd           |       |    35 |    45 |   208 |    55 ||   343
Invok: Slouch            |       |       |     1 |    11 |    20 ||    32
       Step From Time    |       |       |       |     1 |     2 ||     3
 Abil: Spit Poison       |       |     1 |       |     2 |     1 ||     4
Evoke: Wand              |       |     2 |     4 |       |       ||     6
  Use: Potion            |     2 |       |     2 |       |     4 ||     8
       Scroll            |       |       |       |     5 |     2 ||     7
  Eat: Chunk             |       |       |     3 |       |       ||     3
       Meat ration       |       |       |       |     1 |     2 ||     3
